AoeStats
← Morrig4n4692

Arena

510196403Analyzed
1v1 RM · 3d ago on Sep 29, 2026· 39m 13s· 2 players
Game mode
Random Map
Map size
Tiny (2 player)
Population
200
Speed
Normal
Resources
Standard
Victory
Conquest
Starting age
Dark Age
Ending age
Imperial Age
RankedLock teamsTeams togetherTeam positionsShared explorationLock speedFull tech treeHidden civsTurbo modeCheats
Victory
Defeat
🇦🇷 Britons · Argentina
1189
+17
🇺🇸 Mongols · United States
1215
-17
francolopre
10:54 Feudal Age
15:51 Castle Age
15:42 Double-Bit Axe
15:45 Horse Collar
17:18 Bow Saw
18:49 Wheelbarrow
27:57 Imperial Age
27:07 Fletching
27:17 Padded Archer Armor
28:27 Loom
28:57 Hand Cart
28:27 Town Watch
29:07 Ballistics
31:28 Bodkin Arrow
31:48 Leather Archer Armor
34:28 Two-Man Saw
33:32 Gold Mining
33:32 Stone Mining
34:16 Yeomen
34:31 Leather Archer Armor
35:28 Bracer
35:59 Ring Archer Armor
36:09 Ring Archer Armor
35:01 Elite Skirmisher
37:27 Chemistry
39:17 Town Patrol
39:29 Heavy Plow
Morrig4n4692
3:43 Loom
9:42 Feudal Age
15:29 Castle Age
14:38 Double-Bit Axe
22:08 Wheelbarrow
22:04 Fletching
23:52 Bodkin Arrow
24:26 Horse Collar
24:58 Bow Saw
24:42 Gold Mining
31:27 Imperial Age
29:56 Heavy Plow
30:00 Padded Archer Armor
31:45 Hand Cart
32:51 Bracer
33:21 Ballistics
34:02 Chemistry
32:48 Elite Skirmisher
34:07 Conscription
34:31 Leather Archer Armor
Connection lost

Rejoining the realm…

Still unreachable

The connection could not be restored.

Session expired

The server has moved on; the page needs a fresh start.